 Dungeon Crawl Stone Soup version 0.20.1-1-g8b1a95d (webtiles) character file.

722 Azure the Slasher (level 7, -3/53 HPs)
             Began as a Demonspawn Fighter on Aug 22, 2017.
             Slain by Edmund
             ... wielding a +4 flail of protection
              (7 damage)
             ... on level 4 of the Dungeon.
             The game lasted 00:10:30 (3673 turns).

Azure the Slasher (Demonspawn Fighter)              Turns: 3673, Time: 00:10:31

Health: -3/53      AC: 10    Str: 18    XL:     7   Next: 43%
Magic:  7/7        EV: 10    Int: 10    God:
Gold:   125        SH:  5    Dex: 12    Spells: 6/6 levels left

rFire    . . .     SeeInvis .   a - +0 long sword
rCold    . . .     Gourm    .   x - +0 buckler
rNeg     . . .     Faith    .   b - +0 scale mail
rPois    .         Spirit   .   (helmet restricted)
rElec    .         Reflect  .   q - +0 cloak
rCorr    .         Harm     .   p - +0 pair of gloves
MR       .....                  u - +0 pair of boots
Stlth    ..........             (no amulet)
Regen    0.2/turn               (no ring)
MPRegen  0.1/turn               (no ring)

@: no status effects
A: claws 1, horns 2, rot immunity
a: no special abilities


You were on level 4 of the Dungeon.
You were not hungry.

You visited 1 branch of the dungeon, and saw 4 of its levels.

You collected 125 gold pieces.

Inventory:

Hand Weapons
 a - a +0 long sword (weapon)
 n - a +4 quarterstaff of chaos
Armour
 b - a +0 scale mail (worn)
 c - a +0 shield
 p - a +0 pair of gloves (worn)
 q - a +0 cloak (worn)
 u - a +0 pair of boots (worn)
 x - a +0 buckler (worn)
Wands
 e - a wand of iceblast (5/15)
Scrolls
 g - 2 scrolls of fog
 i - 7 scrolls of remove curse {unknown}
 l - 3 scrolls of teleportation
 o - a scroll of enchant weapon
 t - a scroll of fear {unknown}
 v - a scroll of random uselessness {unknown}
 w - a scroll of enchant armour {unknown}
Potions
 d - a potion of haste
 h - 2 potions of flight
 k - 2 potions of curing
 s - a potion of agility
Comestibles
 f - 4 bread rations
 j - 3 fruits
 m - 2 royal jellies


   Skills:
 + Level 3.9 Fighting
 * Level 5.4 Long Blades
 + Level 0.3 Staves
 + Level 4.1 Armour
 + Level 1.0 Dodging
 * Level 4.2 Shields


You had 6 spell levels left.
You didn't know any spells.

Dungeon Overview and Level Annotations

Branches:
Dungeon (4/15)
 Temple: D:4-7

Altars:
Uskayaw

Annotations:
D:4 Edmund


Innate Abilities, Weirdness & Mutations

You have sharp fingernails.
You have a pair of horns on your head.
You are immune to rotting.


Message History

Edmund hits you but does no damage.
Your scale mail prevents you from hitting Edmund.
You headbutt Edmund.
Edmund is heavily wounded.
You block Edmund's attack.
You hit Edmund but do no damage.
Edmund is heavily wounded.
Edmund hits you with a flail of protection!
* * * LOW HITPOINT WARNING * * *
You barely miss Edmund. You headbutt Edmund.
Edmund is severely wounded.
You block Edmund's attack.
You hit Edmund.
Edmund is severely wounded.
Edmund hits you with a flail of protection.
* * * LOW HITPOINT WARNING * * *
You hit Edmund but do no damage. Your headbutt misses Edmund.
Edmund is severely wounded.
Edmund hits you with a flail of protection!
You die...

# ##.# .....
....#######.#..## .....
....#.#.#.#.#.#.#
.....##....#.#.#.#.#.##
..........#.#.#.#.#.#.#
...........#.#.#.#.#.##
...<......#.#.#.#.#.#.#
......@....#.#.#.#.#.##
#@..#.#.#.#.#.#.#
#....#.#.#.#.#.##
#...#.#.#.#.#.#.#
#....#.#.#.#.#.##
#####.#.#.#.#.#.#
#.#.#.#.#.#.##
#######.#####
########.# ....(....#


You could see Edmund.

Vanquished Creatures
  A water moccasin (D:4)
  A phantom (D:4)
  An ogre (D:4)
  An orc priest (D:4)
  A hound (D:4)
  2 orc wizards (D:4)
  Crazy Yiuf (D:2)
  Jessica (D:3)
  Ijyb (D:3)
  Natasha (thrice) (D:2 D:3)
  2 iguanas (D:4)
  4 adders
  4 worms
  2 dart slugs (D:1)
  5 leopard geckos
  8 orcs
  5 giant cockroaches
  7 goblins
  7 hobgoblins
  3 jackals (D:1)
  6 kobolds
  A quokka (D:3)
  3 bats
  3 frilled lizards
  9 rats
82 creatures vanquished.

Notes
Turn   | Place    | Note
-------+----------+-------------------------------------------
     0 | D:1      | Azure the Demonspawn Fighter began the quest for the Orb.
     0 | D:1      | Reached XP level 1. HP: 18/18 MP: 1/1
    83 | D:1      | Reached skill level 2 in Long Blades
   119 | D:1      | Gained mutation: You have a pair of small horns on your head. [demonic ancestry]
   119 | D:1      | Reached XP level 2. HP: 16/24 MP: 2/2
   724 | D:2      | Gained mutation: You have a pair of horns on your head. [demonic ancestry]
   724 | D:2      | Reached XP level 3. HP: 29/29 MP: 3/3
  1226 | D:2      | Noticed Natasha
  1233 | D:2      | Killed Natasha
  1233 | D:2      | Reached XP level 4. HP: 28/35 MP: 4/4
  1301 | D:2      | Found a hide-covered altar of Uskayaw.
  1311 | D:2      | Reached skill level 3 in Long Blades
  1667 | D:2      | Found a runed door.
  1835 | D:2      | Noticed Crazy Yiuf
  1841 | D:2      | Killed Crazy Yiuf
  1944 | D:3      | Noticed Natasha
  1953 | D:3      | Killed Natasha
  1959 | D:3      | Noticed Natasha
  1962 | D:3      | HP: 1/35 [Natasha/magic dart (4)]
  1980 | D:3      | Killed Natasha
  1980 | D:3      | Reached XP level 5. HP: 16/41 MP: 5/5
  2298 | D:3      | Noticed Ijyb
  2309 | D:3      | Killed Ijyb
  2323 | D:3      | Noticed Jessica
  2328 | D:3      | Killed Jessica
  2357 | D:3      | Reached skill level 4 in Long Blades
  2629 | D:4      | Gained mutation: You have sharp fingernails. [demonic ancestry]
  2629 | D:4      | Reached XP level 6. HP: 41/47 MP: 6/6
  3164 | D:4      | Reached skill level 1 in Dodging
  3197 | D:4      | Gained mutation: You are immune to rotting. [demonic ancestry]
  3197 | D:4      | Reached XP level 7. HP: 31/52 MP: 7/7
  3218 | D:4      | HP: 1/53 [orc wizard/puff of flame (6)]
  3222 | D:4      | Reached skill level 5 in Long Blades
  3652 | D:4      | Noticed Edmund
  3673 | D:4      | Slain by Edmund

Skill      XL: |  1  2  3  4  5  6  7 |
---------------+----------------------+-----
Long Blades    | 2 3 4 5 |  5.4
Shields        | 3 4 |  4.2
Armour         | 3 4 |  4.1
Dodging        | 1 |  1.0
Fighting       | |  3.9
Staves         | |  0.3

Action                   |  1- 3 |  4- 6 |  7- 9 || total
-------------------------+-------+-------+-------++-------
Melee: Long sword        |    93 |   126 |    69 ||   288
       Headbutt          |    12 |    32 |    14 ||    58
       Quarterstaff      |       |     8 |       ||     8
  Use: Potion            |       |     8 |     1 ||     9
       Scroll            |       |     3 |       ||     3
  Eat: Chunk             |     1 |     5 |     2 ||     8
       Fruit             |       |     1 |       ||     1
Armor: Scale mail        |    32 |    46 |    19 ||    97
       Skin              |       |     2 |       ||     2
Dodge: Dodged            |    48 |    55 |    24 ||   127
Block: Buckler           |       |     1 |    10 ||    11
       Rpst.: Long sword |    10 |    20 |     5 ||    35
